 Dungeon Crawl Stone Soup version 0.21-a0-346-g330ab2c (webtiles) character file.

50 Amnesiac the Digger (level 3, 0/25 HPs)
             Began as a Gnoll Earth Elementalist on Oct 5, 2017.
             Slain by an orc
             ... wielding a +0 flail
              (6 damage)
             ... on level 3 of the Dungeon.
             The game lasted 00:02:03 (449 turns).

Amnesiac the Digger (Gnoll Earth Elementalist)       Turns: 449, Time: 00:02:04

Health: 0/25       AC:  2    Str: 10    XL:     3   Next: 79%
Magic:  5/9        EV: 14    Int: 18    God:
Gold:   90         SH:  0    Dex: 15    Spells: 9/12 levels left

rFire    . . .     SeeInvis .   n - +0 dagger
rCold    . . .     Gourm    .   (no shield)
rNeg     . . .     Faith    .   c - +0 robe
rPois    .         Spirit   .   (no helmet)
rElec    .         Reflect  .   (no cloak)
rCorr    .         Harm     .   (no gloves)
MR       .....                  (no boots)
Stlth    +++.......             (no amulet)
HPRegen  0.08/turn              (no ring)
MPRegen  0.11/turn              (no ring)

@: no status effects
A: distributed training, fangs 1, strong nose
a: no special abilities


You were on level 3 of the Dungeon.
You were not hungry.

You visited 1 branch of the dungeon, and saw 4 of its levels.

You collected 90 gold pieces.

Inventory:

Hand Weapons
 a - a +0 club
 n - a +0 dagger (weapon)
Missiles
 b - 28 stones (quivered)
 j - 13 poisoned needles
Armour
 c - a +0 robe (worn)
Jewellery
 k - an uncursed ring of ice {unknown}
Scrolls
 f - 3 scrolls of identify {!r, unknown}
 g - a scroll of enchant weapon {!r, unknown}
 i - 2 scrolls of noise {!r, unknown}
 l - a scroll of fog {!r, unknown}
 m - a scroll of enchant armour {!r, unknown}
 p - a scroll of random uselessness {!r, unknown}
Potions
 h - 2 potions of curing {!q, unknown}
 o - 2 potions of brilliance {!q, unknown}
 q - 2 potions of haste {!q, unknown}
 r - a potion of heal wounds {!q, unknown}
 s - a potion of magic {!q, unknown}
Books
 e - a book of Geomancy

   Spells                             Type                      Level
   a - Sandblast                      Earth                        1
   b - Passwall                       Transmutation/Earth          2
   c - Stone Arrow                    Conjuration/Earth            3
   d - Petrify                        Transmutation/Earth          4
   e - Lee's Rapid Deconstruction     Earth                        5
Comestibles
 d - a bread ration


   Skills:
 + Level 0.9 Fighting
 + Level 0.9 Short Blades
 + Level 0.9 Long Blades
 + Level 0.9 Axes
 + Level 0.9 Maces & Flails
 + Level 0.9 Polearms
 + Level 0.9 Staves
 + Level 0.9 Slings
 + Level 0.9 Bows
 + Level 0.9 Crossbows
 + Level 0.9 Throwing
 + Level 0.9 Armour
 + Level 4.5 Dodging
 + Level 4.2 Stealth
 + Level 0.9 Shields
 + Level 0.9 Unarmed Combat
 + Level 5.0 Spellcasting
 + Level 0.9 Conjurations
 + Level 0.9 Hexes
 + Level 0.9 Charms
 + Level 0.9 Summonings
 + Level 0.9 Necromancy
 + Level 0.9 Translocations
 + Level 2.6 Transmutations
 + Level 0.9 Fire Magic
 + Level 0.9 Ice Magic
 + Level 0.9 Air Magic
 + Level 6.5 Earth Magic
 + Level 0.9 Poison Magic
 + Level 0.9 Invocations
 + Level 0.9 Evocations


You had 9 spell levels left.
You knew the following spells:

 Your Spells              Type           Power        Failure   Level  Hunger
a - Sandblast             Erth           ####..       1%          1    None
b - Passwall              Tmut/Erth      ###.......   3%          2    #......


Dungeon Overview and Level Annotations

Branches:
Dungeon (4/15)
 Temple: D:4-7

Altars:


Innate Abilities, Weirdness & Mutations

Your experience applies equally to all skills.
You have very sharp teeth.
Your uncanny sense of smell can sniff out nearby items.


Message History

r - an inky potion {!q}
Casting: Passwall
Confirm with . or Enter, or press ? or * to list all spells.
Which direction?
You begin to meditate on the wall.
You continue meditating on the rock. x3
You finish merging with the rock.
A hobgoblin comes into view. It is wielding a club.
The helpless hobgoblin fails to defend itself.
You impale the hobgoblin!!
You kill the hobgoblin!
f - 3 scrolls labeled FOUXOLUVYK {!r} (gained 1)
s - a ruby potion {!q} Magic restored.
There is a stone staircase leading down here.
You climb downwards. 2 orcs, an orc priest and an orc wizard come into view.
The orc shouts!
The orc priest shouts!
The orc shouts!
The orc wizard shouts!
Found a sapphire potion.
Found a stone staircase leading up.
There is a stone staircase leading up here.
Casting: Passwall
Confirm with . or Enter, or press ? or * to list all spells.
Aiming: Sandblast
Press: ? - help, Shift-Dir - straight line, f - orc priest
Aim: an orc priest, wearing a ring mail The blast of sand misses the orc priest.
b - 31 stones The orc priest calls down the wrath of Beogh upon you.
You barely resist. The orc closely misses you. The orc priest hits you.
You climb upwards.
There is a stone staircase leading down here.
Casting: Sandblast
Confirm with . or Enter, or press ? or * to list all spells.
Aiming: Sandblast
Press: ? - help, Shift-Dir - straight line, f - orc priest
Aim: an orc priest, wearing a ring mail The blast of sand hits the orc priest.
b - 30 stones The orc hits you but does no damage.
The orc misses you.
The orc priest hits you but does no damage.
Casting: Sandblast
Confirm with . or Enter, or press ? or * to list all spells.
Aiming: Sandblast
Press: ? - help, Shift-Dir - straight line, f/p - orc priest
Aim: an orc priest, wearing a ring mail The blast of sand hits the orc priest.
The orc priest is moderately wounded.
b - 29 stones The orc barely misses you.
The orc hits you with a flail!
* * * LOW HITPOINT WARNING * * *
The orc priest hits you.
* * * LOW HITPOINT WARNING * * *
Casting: Sandblast
Confirm with . or Enter, or press ? or * to list all spells.
Aiming: Sandblast
Press: ? - help, Shift-Dir - straight line, f/p - orc priest
Aim: an orc priest, wearing a ring mail (moderately wounded)
The blast of sand hits the orc priest.
The orc priest is heavily wounded.
b - 28 stones The orc hits you with a club.
* * * LOW HITPOINT WARNING * * *
The orc hits you with a flail.
You die...

###### ..#.###.## #.##.###.####
....... .... #.# #.##.# ..
..†#### #.#.#.# #.##.# # #....#
#.#.#.####.##.# ##...#
#.#.....##.##.# ##...#
#.#.#†#.##.##.#
.....######.###.#.#####.## #
##.#.#...................##.###
##............#o@..............
##.#...########oo...........##
##.#........# #...##.##..##.#
...##..####.#.....##.##.....#
#####..# ###......###.#### #
#...# ##...... .. #...# #####.#
.#. #...# ..# ...# #...# ### .#
#


You could see an orc priest and 2 orcs.

Vanquished Creatures
  3 adders
  A worm (D:3)
  A giant cockroach (D:2)
  2 goblins (D:2)
  6 hobgoblins
  2 kobolds
  A quokka (D:2)
  2 frilled lizards (D:3)
  2 rats (D:1)
20 creatures vanquished.

Notes
Turn   | Place    | Note
-------+----------+-------------------------------------------
     0 | D:1      | Amnesiac the Gnoll Earth Elementalist began the quest for the Orb.
     0 | D:1      | Reached XP level 1. HP: 13/13 MP: 6/6
   104 | D:2      | Reached XP level 2. HP: 20/20 MP: 5/7
   109 | D:2      | Learned a level 2 spell: Passwall
   324 | D:3      | Reached XP level 3. HP: 19/25 MP: 9/9
   325 | D:3      | Reached skill level 5 in Spellcasting
   449 | D:3      | Slain by an orc

Vault maps used:
D:1:      dpeg_arrival_court
D:2:      bloody_makhleb
D:3:      first_bread

Skill      XL: |  1  2  3 |
---------------+----------+-----
Spellcasting   | 5 |  5.0
Fighting       | |  0.9
Short Blades   | |  0.9
Long Blades    | |  0.9
Axes           | |  0.9
Maces & Flails | |  0.9
Polearms       | |  0.9
Staves         | |  0.9
Slings         | |  0.9
Bows           | |  0.9
Crossbows      | |  0.9
Throwing       | |  0.9
Armour         | |  0.9
Dodging        | |  4.5
Stealth        | |  4.2
Shields        | |  0.9
Unarmed Combat | |  0.9
Conjurations   | |  0.9
Hexes          | |  0.9
Charms         | |  0.9
Summonings     | |  0.9
Necromancy     | |  0.9
Translocations | |  0.9
Transmutations | |  2.6
Fire Magic     | |  0.9
Ice Magic      | |  0.9
Air Magic      | |  0.9
Earth Magic    | |  6.5
Poison Magic   | |  0.9
Invocations    | |  0.9
Evocations     | |  0.9

Action                   || total
-------------------------++-------
Melee: Unarmed           ||     2
       Club              ||     2
       Bite              ||     2
       Dagger            ||    14
 Cast: Sandblast         ||    19
       Passwall          ||     2
 Stab: Sleeping          ||     5
Armor: Robe              ||     6
Dodge: Dodged            ||    13

Table legend:
 A = Spawn XP
 B = Non-spawn XP
 C = Spawn XP percentage of total XP
 D = Spawn monster count
 E = Non-spawn monster count
 F = Spawn count percentage of total count
 G = Total turns spent on level
                    A         B        C        D         E        F      G
               +---------+---------+-------+---------+---------+-------+---------
         Total |       0 |      72 |   0.0 |       0 |      20 |   0.0 |   449
               +---------+---------+-------+---------+---------+-------+---------
           D:1 |       0 |       6 |   0.0 |       0 |       4 |   0.0 |   103
           D:2 |       0 |      27 |   0.0 |       0 |       8 |   0.0 |   216
           D:3 |       0 |      39 |   0.0 |       0 |       8 |   0.0 |   127
               +---------+---------+-------+---------+---------+-------+---------
